 Dungeon Crawl Stone Soup version 0.30.0-20-g3615ddf2f0 (webtiles) character file.

Game seed: 11582516891804094897

3227 qw the Cleaver (level 9, -2/57 HPs)
             Began as a Gargoyle Fighter on May 27, 2023.
             Slain by a centaur (3 damage)
             ... on level 7 of the Dungeon.
             The game lasted 00:03:08 (6355 turns).

qw the Cleaver (Gargoyle Fighter)                   Turns: 6355, Time: 00:03:09

Health: -2/57      AC: 20    Str: 24    XL:     9   Next: 98%
Magic:  9/9        EV:  8    Int:  9    God:
Gold:   233        SH:  9    Dex:  9    Spells: 8/8 levels left

rFire   + . .        Y - +0 war axe (flame)
rCold   + . .        c - +0 buckler
rNeg    + . .        t - +0 chain mail
rPois   inf          b - +0 helmet
rElec   +            o - scarf {rC+ rF+}
rCorr   .            j - +0 pair of gloves
SInv    .            l - +0 pair of boots
Will    .....        k - amulet of reflection Stlth
                     (no ring)
HPRegen 0.29/turn    (no ring)
MPRegen 0.11/turn

%: reflection
@: no status effects
A: sickness immunity, AC +6, negative energy resistance 1, electricity
resistance, torment resistance 1, petrification resistance
a: no special abilities


You were on level 7 of the Dungeon.
You visited 1 branch of the dungeon, and saw 7 of its levels.
You also visited: Sewer.

You collected 278 gold pieces.
You spent 45 gold pieces at shops.


Innate Abilities, Weirdness & Mutations

You are immune to sickness and miasma.
Your stone body is resilient. (AC +6)
You are immune to poison.
You resist negative energy. (rN+)
You are resistant to electric shocks. (rElec)
You are resistant to unholy torment.
You are immune to petrification.


   Skills:
 - Level 7.5 Fighting
 + Level 9.8 Axes
 - Level 2.6 Throwing
 - Level 5.5 Armour
 - Level 1.6 Dodging
 - Level 4.2 Shields


You had 8 spell levels left.
You didn't know any spells.
Your spell library was empty.

Inventory:

Hand Weapons
 Y - a +0 war axe of flaming (weapon)
Missiles
 n - 3 boomerangs
 u - 2 javelins (quivered)
Armour
 a - a +0 cloak
 b - a +0 helmet (worn)
 c - a +0 buckler (worn)
 j - a +0 pair of gloves (worn)
 l - a +0 pair of boots (worn)
 o - a scarf of resistance (worn)
 t - a +0 chain mail (worn)
Jewellery
 k - an amulet of reflection (around neck)
Scrolls
 g - a scroll of identify
Potions
 d - 3 potions of might
 e - a potion of mutation
 f - 2 potions of curing
 i - a potion of brilliance {unknown}
 m - 5 potions of haste
 q - a potion of flight {unknown}
 s - a potion of ambrosia {unknown}

Dungeon Overview and Level Annotations

Branches:
Dungeon (7/15)              Sewer (visited)
 Temple: D:4-7

Altars:
Ashenzari

Shops:
D:6 *

Annotations:
D:7 Joseph


Message History

You block the water moccasin's attack. The water moccasin barely misses you.
You slash the water moccasin! You burn the water moccasin.
You kill the water moccasin!
A scorpion comes into view.
6336 ||| Stepping ~*~*~tactically~*~*~ (stealth).
You are too injured to fight recklessly!
The scorpion stings you but does no damage.
You hit the scorpion. You burn the scorpion.
The scorpion is moderately wounded.
You block the scorpion's attack.
You slash the scorpion! You burn the scorpion.
The scorpion is severely wounded.
The scorpion stings you but does no damage.
You hit the scorpion. You burn the scorpion.
The scorpion is almost dead.
The scorpion barely misses you.
You hit the scorpion but do no damage.
The scorpion is almost dead.
You block the scorpion's attack. The scorpion stings you.
You hit the scorpion. You burn the scorpion.
You kill the scorpion!
You start resting.
A centaur comes into view.
The centaur shouts!
The centaur wields a +0 shortbow.
The centaur shoots an arrow.
The arrow hits you but does no damage.
You see here a scorpion corpse.
The centaur shoots an arrow.
The arrow hits you!
The centaur shoots an arrow.
You block the arrow with an invisible shield... and reflect it back!
The arrow barely misses the centaur.
Joseph, a Mercenary comes into view.
He is wielding a +0 quarterstaff and carrying a wand of acid (4).
Found a grey potion and 10 gold pieces.
Joseph shouts!
The centaur shoots an arrow.
You block the arrow with an invisible shield... and reflect it back!
The arrow hits the centaur!
The centaur shoots an arrow.
The arrow barely misses you.
The centaur shoots an arrow.
The arrow hits you.
The centaur unwields a +0 shortbow.
The centaur hits you.
You die...

...# ..# #.##
#..# ##%# #.#
#######.####...
.$.......!.....
##....#@##.....
......#c.......
..... .........
#.....(..#.#...
#.#@####.#.# ..
#... .. . .. #
#.#


You could see a centaur.

Vanquished Creatures
  6 yaks (D:7)
  Eustachio (D:6)
  A steam dragon (D:6)
  Edmund (D:6)
  2 water moccasins
  Duvessa (D:6)
  An orc warrior (D:6)
  A black bear (D:5)
  An ogre (D:6)
  A centaur (D:5)
  A phantom (D:3)
  A kobold brigand (D:6)
  4 scorpions
  3 wights (D:6)
  Dowan (D:6)
  A howler monkey (D:6)
  3 jellies
  2 hounds (D:5)
  A gnoll bouda (D:6)
  An orc priest (D:6)
  3 iguanas
  A sleepcap (D:7)
  2 orc wizards (D:6)
  9 gnolls
  8 adders
  3 river rats (Sewer)
  2 ufetubi
  2 worms
  3 dart slugs (D:2)
  17 orcs
  10 ball pythons
  7 bats
  7 endoplasms
  10 giant cockroaches
  10 hobgoblins
  6 jackals
  7 kobolds
  5 quokkas
  5 frilled lizards
  10 goblins
  6 rats
167 creatures vanquished.

Notes
Turn   | Place    | Note
-------+----------+-------------------------------------------
     0 | D:1      | qw the Gargoyle Fighter began the quest for the Orb.
     0 | D:1      | Reached XP level 1. HP: 14/14 MP: 1/1
     0 | D:1      | 0 ||| qw: Version: 0.2-a-99-gce666ed
     0 | D:1      | 0 ||| qw: Game counter: 149
     0 | D:1      | 0 ||| qw: Always use a shield: true
     0 | D:1      | 0 ||| qw: God list: Okawaru
     0 | D:1      | 0 ||| qw: Allow faded altars: false
     0 | D:1      | 0 ||| qw: Do Orc after D:15 true
     0 | D:1      | 0 ||| qw: Do second Lair branch before Depths: true
     0 | D:1      | 0 ||| qw: Lair rune preference: random
     0 | D:1      | 0 ||| qw: Plans: Normal, Zot:1-4, God:TSO, Crypt, Tomb,
                  | Pan, Slime:5, Hells, Abyss, Win
     0 | D:1      | 0 ||| PLANNING D:1-11
    24 | D:1      | Reached skill level 2 in Axes
    50 | D:1      | 50 ||| Stepping ~*~*~tactically~*~*~ (stealth).
    53 | D:1      | 53 ||| Stepping ~*~*~tactically~*~*~ (water).
    55 | D:1      | Reached XP level 2. HP: 18/19 MP: 2/2
   328 | D:1      | 328 ||| Stepping ~*~*~tactically~*~*~ (hiding).
   504 | D:1      | Reached skill level 3 in Axes
   556 | D:1      | Found a faded altar of an unknown god.
   564 | D:1      | 564 ||| Stepping ~*~*~tactically~*~*~ (stealth).
   565 | D:1      | 565 ||| Stepping ~*~*~tactically~*~*~ (stealth).
   620 | D:1      | Reached XP level 3. HP: 23/23 MP: 3/3
   739 | D:1      | 739 ||| UPGRADING to +0 pair of gloves.
   744 | D:1      | 744 ||| READING scroll labelled SOTSOE JEOMETE.
   745 | D:1      | 745 ||| READING 2 scrolls labelled WIDWAE WESUZAU.
   746 | D:1      | 746 ||| READING scroll labelled GUCASU ZAKKY.
   747 | D:1      | 747 ||| READING 2 scrolls labelled ATOINT OPEECA.
   748 | D:1      | 748 ||| READING scroll labelled HEAJER ZONEF.
   749 | D:1      | 749 ||| DROPPING scroll of fear.
   953 | D:2      | 953 ||| DROPPING +0 club.
   956 | D:2      | 956 ||| Stepping ~*~*~tactically~*~*~ (hiding).
  1000 | D:2      | 1000 ||| Stepping ~*~*~tactically~*~*~ (hiding).
  1009 | D:2      | Reached XP level 4. HP: 27/28 MP: 4/4
  1012 | D:2      | 1012 ||| DROPPING +0 whip.
  1018 | D:2      | Reached skill level 4 in Axes
  1554 | D:2      | 1554 ||| UPGRADING to +0 cloak.
  1559 | D:2      | 1559 ||| UPGRADING to +0 pair of boots.
  1564 | D:2      | 1564 ||| UPGRADING to amulet of reflection.
  1569 | D:2      | 1569 ||| READING 2 scrolls labelled BIJYLI MUMAGEG.
  1572 | D:2      | 1572 ||| READING 2 scrolls labelled CAIWNOUNA.
  1573 | D:2      | 1573 ||| DROPPING scroll of fog.
  2033 | D:3      | Reached XP level 5. HP: 32/32 MP: 5/5
  2284 | D:3      | Reached skill level 5 in Axes
  2340 | D:3      | 2340 ||| Stepping ~*~*~tactically~*~*~ (stealth).
  2773 | D:3      | 2773 ||| UPGRADING to +0 chain mail.
  2783 | D:3      | 2783 ||| DROPPING +0 scale mail.
  2784 | D:3      | 2784 ||| DROPPING amulet of regeneration.
  2785 | D:3      | 2785 ||| READING scroll labelled NEOWOUN LEAPP.
  2786 | D:3      | 2786 ||| DROPPING +0 flail.
  2787 | D:3      | 2787 ||| DRINKING 2 red potions.
  2788 | D:3      | 2788 ||| DRINKING 2 smoky puce potions.
  2893 | D:3      | 2893 ||| READING 4 scrolls of identify.
  2893 | D:3      | 2893 ||| IDENTIFYING fuming black potion
  2894 | D:3      | 2894 ||| READING 3 scrolls of identify.
  2894 | D:3      | 2894 ||| IDENTIFYING silvery potion
  2895 | D:3      | 2895 ||| READING 2 scrolls of identify.
  2895 | D:3      | 2895 ||| IDENTIFYING brown potion
  2896 | D:3      | 2896 ||| DROPPING potion of invisibility.
  2897 | D:3      | 2897 ||| DROPPING potion of degeneration.
  2898 | D:3      | 2898 ||| DROPPING potion of berserk rage.
  3009 | D:4      | 3009 ||| PLANNING SEWER
  3093 | D:4      | Reached skill level 1 in Throwing
  3266 | D:4      | Reached XP level 6. HP: 38/38 MP: 6/6
  3445 | D:4      | 3445 ||| Stepping ~*~*~tactically~*~*~ (stealth).
  3446 | D:4      | 3446 ||| READING scroll labelled ZUVUTE HIKHLOF.
  3455 | D:4      | Found a glowing drain.
  3457 | D:4      | 3457 ||| FLEEEEING.
  3462 | D:4      | 3462 ||| FLEEEEING.
  3463 | D:4      | 3463 ||| FLEEEEING.
  3464 | D:4      | 3464 ||| FLEEEEING.
  3465 | D:4      | 3465 ||| FLEEEEING.
  3466 | D:4      | 3466 ||| FLEEEEING.
  3467 | D:4      | 3467 ||| FLEEEEING.
  3469 | D:4      | 3469 ||| FLEEEEING.
  3470 | D:4      | 3470 ||| FLEEEEING.
  3471 | D:4      | 3471 ||| FLEEEEING.
  3472 | D:4      | 3472 ||| FLEEEEING.
  3473 | D:4      | 3473 ||| FLEEEEING.
  3474 | D:4      | 3474 ||| FLEEEEING.
  3475 | D:4      | 3475 ||| FLEEEEING.
  3476 | D:4      | 3476 ||| FLEEEEING.
  3477 | D:4      | 3477 ||| FLEEEEING.
  3478 | D:4      | 3478 ||| FLEEEEING.
  3479 | D:4      | 3479 ||| FLEEEEING.
  3480 | D:4      | 3480 ||| FLEEEEING.
  3481 | D:4      | 3481 ||| FLEEEEING.
  3482 | D:4      | 3482 ||| FLEEEEING.
  3483 | D:4      | 3483 ||| FLEEEEING.
  3484 | D:4      | 3484 ||| FLEEEEING.
  3485 | D:4      | 3485 ||| FLEEEEING.
  3486 | D:4      | 3486 ||| FLEEEEING.
  3487 | D:4      | 3487 ||| FLEEEEING.
  3488 | D:4      | 3488 ||| FLEEEEING.
  3489 | D:4      | 3489 ||| STAIRDANCE
  3493 | D:4      | 3493 ||| STAIRDANCE
  3514 | D:4      | 3514 ||| FLEEEEING.
  3515 | D:4      | 3515 ||| STAIRDANCE
  3519 | D:4      | 3519 ||| STAIRDANCE
  3565 | Sewer    | Entered a sewer
  3661 | Sewer    | 3661 ||| Stepping ~*~*~tactically~*~*~ (stealth).
  3675 | Sewer    | Found a viscous altar of Jiyva.
  3715 | Sewer    | 3715 ||| Stepping ~*~*~tactically~*~*~ (stealth).
  3719 | Sewer    | 3719 ||| Stepping ~*~*~tactically~*~*~ (stealth).
  3749 | Sewer    | 3749 ||| Stepping ~*~*~tactically~*~*~ (water).
  3756 | Sewer    | Reached skill level 6 in Axes
  3842 | Sewer    | 3842 ||| READING scroll labelled PUNTEF PUNOI.
  3843 | Sewer    | 3843 ||| READING scroll labelled MAULAT WAIKKOTOIL.
  3844 | Sewer    | 3844 ||| DRINKING 3 bubbling orange potions.
  3845 | Sewer    | 3845 ||| READING 2 scrolls of identify.
  3845 | Sewer    | 3845 ||| IDENTIFYING sedimented golden potion
  3846 | Sewer    | 3846 ||| DROPPING 2 potions of magic.
  3862 | D:4      | 3862 ||| PLANNING D:1-11
  4161 | D:5      | Entered Level 5 of the Dungeon
  4162 | D:5      | 4162 ||| Stepping ~*~*~tactically~*~*~ (hiding).
  4163 | D:5      | 4163 ||| Stepping ~*~*~tactically~*~*~ (hiding).
  4164 | D:5      | 4164 ||| Stepping ~*~*~tactically~*~*~ (hiding).
  4169 | D:5      | HP: 7/38 [orc/+0 flail (3)]
  4170 | D:5      | 4170 ||| READING 2 scrolls of teleportation.
  4173 | D:5      | Reached skill level 1 in Dodging
  4173 | D:5      | Reached XP level 7. HP: 9/43 MP: 7/7
  4176 | D:5      | 4176 ||| READING scroll of teleportation.
  4179 | D:5      | HP: 10/43 [hound (2)]
  4383 | D:5      | Reached skill level 7 in Axes
  4583 | D:5      | Reached XP level 8. HP: 49/49 MP: 8/8
  4673 | D:5      | 4673 ||| UPGRADING to +0 helmet.
  4678 | D:5      | 4678 ||| READING scroll labelled CAONKI ARODGH.
  4679 | D:5      | 4679 ||| READING scroll labelled NITTAFFUIME.
  4793 | D:6      | Found a broken altar of Ashenzari.
  4930 | D:6      | 4930 ||| Stepping ~*~*~tactically~*~*~ (cloud).
  4948 | D:6      | 4948 ||| Stepping ~*~*~tactically~*~*~ (stealth).
  4951 | D:6      | 4951 ||| Stepping ~*~*~tactically~*~*~ (stealth).
  4953 | D:6      | 4953 ||| Stepping ~*~*~tactically~*~*~ (hiding).
  5003 | D:6      | 5003 ||| Stepping ~*~*~tactically~*~*~ (stealth).
  5012 | D:6      | 5012 ||| Stepping ~*~*~tactically~*~*~ (stealth).
  5033 | D:6      | 5033 ||| Stepping ~*~*~tactically~*~*~ (stealth).
  5035 | D:6      | 5035 ||| Stepping ~*~*~tactically~*~*~ (stealth).
  5036 | D:6      | 5036 ||| Stepping ~*~*~tactically~*~*~ (stealth).
  5037 | D:6      | 5037 ||| Stepping ~*~*~tactically~*~*~ (stealth).
  5049 | D:6      | Noticed Edmund
  5074 | D:6      | Killed Edmund
  5075 | D:6      | Reached skill level 8 in Axes
  5254 | D:6      | 5254 ||| Stepping ~*~*~tactically~*~*~ (hiding).
  5255 | D:6      | 5255 ||| Stepping ~*~*~tactically~*~*~ (hiding).
  5260 | D:6      | 5260 ||| Stepping ~*~*~tactically~*~*~ (hiding).
  5297 | D:6      | Reached skill level 6 in Fighting
  5466 | D:6      | Found Wuzot's General Store.
  5471 | D:6      | 5471 ||| BUYING scroll of teleportation (45 gold).
  5471 | D:6      | Bought a scroll of teleportation for 45 gold pieces
  5522 | D:6      | 5522 ||| Stepping ~*~*~tactically~*~*~ (stealth).
  5574 | D:6      | Noticed Duvessa
  5574 | D:6      | Noticed Dowan
  5581 | D:6      | Killed Duvessa
  5582 | D:6      | Reached XP level 9. HP: 52/55 MP: 9/9
  5588 | D:6      | 5588 ||| Stepping ~*~*~tactically~*~*~ (hiding).
  5591 | D:6      | Killed Dowan
  5928 | D:6      | Noticed Eustachio
  5949 | D:6      | Killed Eustachio
  5956 | D:6      | Reached skill level 9 in Axes
  6239 | D:6      | 6239 ||| UPGRADING to scarf of resistance.
  6285 | D:7      | 6285 ||| Stepping ~*~*~tactically~*~*~ (stealth).
  6287 | D:7      | 6287 ||| Stepping ~*~*~tactically~*~*~ (stealth).
  6306 | D:7      | HP: 13/57 [yak (12)]
  6307 | D:7      | 6307 ||| READING scroll of teleportation.
  6315 | D:7      | HP: 5/57 [sleepcap (5)]
  6336 | D:7      | 6336 ||| Stepping ~*~*~tactically~*~*~ (stealth).
  6342 | D:7      | HP: 10/57 [scorpion (3)]
  6352 | D:7      | HP: 2/57 [centaur/arrow (11)]
  6353 | D:7      | Noticed Joseph
  6355 | D:7      | Slain by a centaur

Levels and vault maps discovered:
D:1:      dpeg_arrival_pond, layout_loops_cross,
          shapermc_ecumenical_altar_acropolis, serial_bayou_pond_e
D:2:      layout_basic, minmay_misc_feat_pillars
D:3:      layout_basic
D:4:      layout_gridville, gup_sewer_entry_glass
D:5:      layout_rooms, kennysheep_cross_room
D:6:      layout_loops_corners, nicolae_ashenzari_panopticon, serial_shops,
          nicolae_shop_rolling_square, uniq_duvessa, uniq_edmund, uniq_eustachio
D:7:      layout_rooms, slow_altar_2, minmay_temple_entry_sparse_star,
          minivault_23, uniq_joseph, uniq_pikel, uniq_maggie

Skill      XL: |  1  2  3  4  5  6  7  8  9 |
---------------+----------------------------+-----
Axes           | 2 3 4 5 6 7 8 9 |  9.8
Throwing       | 1 2 |  2.6
Fighting       | 4 5 6 7 |  7.5
Dodging        | 1 |  1.6
Armour         | 5 |  5.5
Shields        | 4 |  4.2

Action                     |  1- 3 |  4- 6 |  7- 9 || total
---------------------------+-------+-------+-------++-------
  Melee: War axe           |   107 |   188 |   210 ||   505
  Throw: Javelin           |       |    26 |    28 ||    54
         Boomerang         |       |       |     1 ||     1
    Use: Scroll            |     5 |    11 |     4 ||    20
         Potion            |       |     3 |       ||     3
 Armour: Scale mail        |    71 |    37 |       ||   108
         Chain mail        |       |    53 |    86 ||   139
  Dodge: Dodged            |    68 |    55 |    53 ||   176
  Block: Buckler           |    26 |    92 |    87 ||   205
         Reflection        |       |     1 |     5 ||     6

Table legend:
 A = Non-vault XP
 B = Vault XP
 C = Vault XP percentage of total XP
 D = Non-vault monster count
 E = Vault monster count
 F = Vault count percentage of total count
                 A         B        C        D         E       F
            +---------+---------+-------+---------+---------+-------
      Total |    3883 |     728 |  15.8 |     139 |      28 |  16.8
            +---------+---------+-------+---------+---------+-------
        D:1 |      42 |       0 |   0.0 |      23 |       0 |   0.0
        D:2 |      99 |       0 |   0.0 |      24 |       0 |   0.0
        D:3 |     201 |       0 |   0.0 |      26 |       0 |   0.0
        D:4 |     109 |      31 |  22.1 |       7 |       4 |  36.4
        D:5 |     619 |       0 |   0.0 |      13 |       0 |   0.0
        D:6 |    1318 |     577 |  30.4 |      37 |       4 |   9.8
        D:7 |    1495 |       0 |   0.0 |       9 |       0 |   0.0
      Sewer |       0 |     120 | 100.0 |       0 |      20 | 100.0
            +---------+---------+-------+---------+---------+-------
